 Dungeon Crawl Stone Soup version 0.20-a0-920-gb18bc0f (webtiles) character file.

2576 Ijustatesigmund the Fighter (level 9, -2/78 HPs)
             Began as a Barachi Fighter on Mar 25, 2017.
             Was a Believer of Cheibriados.
             Slain by a wolf (12 damage)
             ... led by Grum
             ... on level 8 of the Dungeon.
             The game lasted 00:20:19 (6572 turns).

Ijustatesigmund the Fighter (Barachi Fighter)       Turns: 6572, Time: 00:20:20

Health: -2/78      AC:  7    Str: 23    XL:     9   Next: 57%
Magic:  9/9        EV: 12    Int: 13    God:    Cheibriados [**....]
Gold:   293        SH:  0    Dex: 17    Spells: 8/8 levels left

rFire    + . .     SeeInvis .   a - +3 long sword
rCold    + . .     Gourm    .   c - +1 shield
rNeg     . . .     Faith    .   w - +1 robe "Fequacola" {rElec rPois} (curse)
rPois    +         Spirit   .   h - +1 helmet
rElec    +         Reflect  .   (no cloak)
rCorr    .         Harm     .   (no gloves)
MR       .....                  m - +1 pair of boots
Stlth    +.........             (no amulet)
Regen    0.3/turn               g - ring of protection from fire
MPRegen  0.2/turn               p - ring of protection from cold

@: confused, can't hop, very slow
A: +LOS, swims, slowness 1, strong legs 1
a: Hop, Bend Time, Renounce Religion


You were on level 8 of the Dungeon.
You worshipped Cheibriados.
Cheibriados was pleased with you.
You were very hungry.

You visited 2 branches of the dungeon, and saw 9 of its levels.
You also visited: Sewer.

You collected 293 gold pieces.

Inventory:

Hand Weapons
 a - a +3 long sword (weapon)
 B - a +1 morningstar of protection
Missiles
 C - a throwing net (quivered)
Armour
 b - a +0 scale mail
 c - a +1 shield (worn)
 h - a +1 helmet (worn)
 m - a +1 pair of boots (worn)
 w - the cursed +1 robe "Fequacola" (worn) {rElec rPois}
   (You found it on level 8 of the Dungeon)

   It insulates you from electricity.
   It protects you from poison.
   It has a curse placed upon it.
Jewellery
 g - a ring of protection from fire (left hand)
 p - a ring of protection from cold (right hand)
Wands
 e - a wand of flame (22/48)
Scrolls
 n - a scroll of identify
 q - 2 scrolls of recharging
 r - 2 scrolls of fog
 s - 2 scrolls of blinking
 t - a scroll of immolation
 u - a scroll of remove curse
 y - a scroll of teleportation
Potions
 d - a potion of cancellation
 i - a potion of brilliance
 k - a potion of magic
 l - 3 potions of curing
 o - a potion of haste
 z - 2 potions of resistance
 A - a potion of invisibility
Comestibles
 f - 5 bread rations
 j - 4 royal jellies
 v - 3 fruits
 x - 2 meat rations


   Skills:
 + Level 10.0 Fighting
 + Level 9.4 Long Blades
 - Level 5.3 Armour
 - Level 3.2 Dodging
 - Level 6.0 Shields


You had 8 spell levels left.
You didn't know any spells.

Dungeon Overview and Level Annotations

Branches:
Dungeon (8/15)             Temple (1/1) D:7
   Lair: D:8-11

Altars:
Ashenzari
Cheibriados
Dithmenos
Elyvilon
Fedhas
Gozag
Hepliaklqana
Kikubaaqudgha
Makhleb
Nemelex Xobeh
Okawaru
Qazlal
Ru
Sif Muna
Trog
Uskayaw
Vehumet
Wu Jian
Xom
Yredelemnul
The Shining One

Shops:
D:8 *


Innate Abilities, Weirdness & Mutations

Shadows flee at your approach. (+LOS)
You can swim through water.
You cover ground slowly.
You can hop short distances.


Message History

* * * LOW HITPOINT WARNING * * *
You slash Grum!
You kill Grum!
Cheibriados thoroughly appreciates the change of pace.
Your Fighting skill increases to level 10!
The orc throws a stone.
The stone hits you.
* * * LOW HITPOINT WARNING * * *
Hop to where?
Press: ? - help, Dir - move target cursor Boing!
The orc throws a stone.
The stone barely misses you.
You are confused.
You see here a stone.
The wolf closely misses you.
You completely miss the wolf. The wolf bites you.
* * * LOW HITPOINT WARNING * * *
The wolf bites you!
* * * LOW HITPOINT WARNING * * *
The wolf barely misses you. The wolf closely misses you.
The wolf bites you but does no damage. The wolf bites you!
You die...

.#.# ...∩... ..
.#.. .. .... ##.
.... #.. ....
##########.# ....
#..........###....
#@h..#####†#.)....
#.h..o.o().h.#....
#....#######....##
#.#.## #.##.#
#.#.# ... ...
#.#.# :#####.
#...# #. # #.###
#. #.. ##


You could see 2 wolves and 2 orcs.

Vanquished Creatures
  The ghost of Malvoorn the Spear-Bearer, a novice FoAK of Lugonu (D:6)
  Grinder (D:4)
  Prince Ribbit (D:6)
  Grum (D:8)
  A necrophage (D:5)
  2 ogres
  A wolf (D:8)
  The ghost of bworf the Poker, an amateur MfSk (Sewer)
  A big kobold (D:3)
  4 bullfrogs
  A scorpion (D:6)
  3 crimson imps (D:5)
  2 hounds
  A gnoll shaman (D:5)
  A jelly (D:8)
  2 orc wizards
  A worker ant (D:5)
  2 hound skeletons (D:4)
  8 gnolls
  13 adders
  6 river rats
  2 adder zombies
  An adder skeleton (D:7)
  4 worms
  2 dart slugs
  5 leopard geckos
  17 orcs
  6 giant cockroaches
  4 goblins
  8 hobgoblins
  12 jackals
  2 kobolds
  2 quokkas
  14 ball pythons
  10 bats
  6 frilled lizards
  A leopard gecko skeleton (D:4)
  A quokka skeleton (D:4)
  29 rats
  A butterfly (D:7)
181 creatures vanquished.

Notes
Turn   | Place    | Note
-------+----------+-------------------------------------------
     0 | D:1      | Ijustatesigmund the Barachi Fighter began the quest for the Orb.
     0 | D:1      | Reached XP level 1. HP: 18/18 MP: 1/1
    93 | D:2      | Reached XP level 2. HP: 3/25 MP: 2/2
    96 | D:2      | Reached skill level 1 in Dodging
   404 | D:2      | Reached skill level 4 in Fighting
   537 | D:2      | Reached XP level 3. HP: 21/30 MP: 3/3
  1027 | D:2      | Reached XP level 4. HP: 38/38 MP: 4/4
  1181 | D:3      | Noticed a big kobold
  1212 | D:3      | Killed a big kobold
  1212 | D:3      | Reached XP level 5. HP: 20/43 MP: 5/5
  1345 | D:3      | Reached skill level 5 in Fighting
  1483 | D:3      | Found a snail-covered altar of Cheibriados.
  1626 | D:3      | Found a glowing drain.
  1661 | Sewer    | Entered a sewer
  1966 | Sewer    | Noticed bworf's ghost (amateur MfSk)
  1987 | Sewer    | Killed bworf's ghost
  1987 | Sewer    | Reached XP level 6. HP: 43/51 MP: 6/6
  2405 | Sewer    | Reached skill level 5 in Long Blades
  2408 | Sewer    | Reached XP level 7. HP: 27/57 MP: 7/7
  3004 | D:4      | Noticed Grinder
  3016 | D:4      | Paralysed by Grinder for 4 turns
  3021 | D:4      | Killed Grinder
  3021 | D:4      | Reached skill level 6 in Fighting
  3021 | D:4      | Reached skill level 5 in Armour
  3701 | D:4      | Reached skill level 5 in Shields
  3969 | D:5      | Entered Level 5 of the Dungeon
  4084 | D:5      | Reached XP level 8. HP: 50/65 MP: 8/8
  4488 | D:5      | You fall through a shaft for 3 floors!
  4522 | D:8      | Got a dull robe
  4538 | D:8      | Identified the cursed +1 robe "Fequacola" {rElec rPois} (You found it on level 8 of the Dungeon)
  4577 | D:7      | Reached skill level 7 in Fighting
  4820 | D:7      | Found a staircase to the Ecumenical Temple.
  4831 | Temple   | Entered the Ecumenical Temple
  5125 | Temple   | Became a worshipper of Cheibriados the Contemplative
  5150 | D:7      | Noticed an eight-headed hydra
  5160 | D:7      | Found a runed door.
  5571 | D:5      | Reached * piety under Cheibriados
  5803 | D:6      | Noticed Malvoorn's ghost (novice FoAK)
  5847 | D:6      | Killed Malvoorn's ghost
  5847 | D:6      | Reached skill level 8 in Fighting
  5847 | D:6      | Reached XP level 9. HP: 22/75 MP: 9/9
  5885 | D:6      | Reached skill level 9 in Fighting
  6147 | D:6      | Noticed Prince Ribbit
  6248 | D:6      | Killed Prince Ribbit
  6543 | D:8      | Noticed Grum
  6544 | D:8      | Found Qemi's General Store.
  6559 | D:8      | Reached ** piety under Cheibriados
  6567 | D:8      | Killed Grum
  6567 | D:8      | Reached skill level 10 in Fighting
  6572 | D:8      | Slain by a wolf

Vault maps used:
D:1:      lemuel_arrival_hallway
D:3:      portal_sewer_entry_b, first_bread, cheibriados_altar_1
D:4:      minmay_door_square, uniq_grinder
D:6:      corexii_shack, uniq_prince_ribbit1
D:7:      minmay_temple_entry_butterflies, uniq_crazy_yiuf_cottage
D:8:      erik_lair_island, serial_shops, kennysheep_little_box,
          nicolae_shop_crystal, kennysheep_nondescript, uniq_grum
Temple:   compressed_dpeg_triangle_lava_temple
Sewer:    sewer_minmay_w

Skill      XL: |  1  2  3  4  5  6  7  8  9 |
---------------+----------------------------+-----
Dodging        | 1 2 3 |  3.2
Fighting       | 4 5 6 8 10 | 10.0
Long Blades    | 3 4 5 8 9 |  9.4
Armour         | 4 5 |  5.3
Shields        | 4 5 6 |  6.0

Action                   |  1- 3 |  4- 6 |  7- 9 || total
-------------------------+-------+-------+-------++-------
Melee: Long sword        |   105 |   185 |   360 ||   650
 Abil: Hop               |     1 |     1 |     1 ||     3
       Evoke Berserk Rag |       |       |     1 ||     1
  Use: Potion            |     1 |     3 |     4 ||     8
       Scroll            |       |     6 |    17 ||    23
  Eat: Chunk             |       |     6 |     9 ||    15
       Fruit             |       |       |     3 ||     3
       Royal jelly       |       |       |     1 ||     1
Armor: Scale mail        |    58 |   108 |    64 ||   230
       Robe              |       |       |    37 ||    37
Dodge: Dodged            |    39 |    93 |   147 ||   279
Block: Shield            |    65 |   133 |   205 ||   403
       Rpst.: Long sword |    13 |    28 |    35 ||    76
